 Dungeon Crawl Stone Soup version 0.31-a0-187-gba352fbbf7 (webtiles) character file.

Game seed: 10051700919521304821

83 qw the Shooter (level 4, 0/25 HPs)
             Began as a Deep Elf Hunter on June 22, 2023.
             Succumbed to their own poison gas
             ... on level 2 of the Dungeon.
             The game lasted 00:00:37 (1475 turns).

qw the Shooter (Deep Elf Hunter)                    Turns: 1475, Time: 00:00:37

Health: 0/25       AC:  5    Str: 10    XL:     4   Next: 22%
Magic:  6/6        EV: 11    Int: 14    God:
Gold:   102        SH:  0    Dex: 18    Spells: 3/3 levels left

rFire   . . .        Y - +1 shortbow
rCold   . . .        (shield currently unavailable)
rNeg    . . .        g - +0 ring mail
rPois   .            (no helmet)
rElec   .            (no cloak)
rCorr   .            (no gloves)
SInv    .            (no boots)
Will    .....        (no amulet)
Stlth   +            (no ring)
HPRegen 0.24/turn    (no ring)
MPRegen 0.10/turn

%: no passive effects
@: lethally poisoned (0 -> -1), invisible
A: no striking features
a: no special abilities


You were on level 2 of the Dungeon.
You visited 1 branch of the dungeon, and saw 2 of its levels.

You collected 102 gold pieces.


   Skills:
 - Level 1.5 Fighting
 + Level 7.6 Ranged Weapons
 - Level 2.4 Dodging
 - Level 1.2 Stealth


You had 3 spell levels left.
You didn't know any spells.
Your spell library was empty.

Inventory:

Hand Weapons
 Y - a +1 shortbow (weapon)
Armour
 g - a +0 ring mail (worn)
Scrolls
 a - a scroll of identify
Potions
 e - a potion of heal wounds
 f - a potion of might {unknown}

Dungeon Overview and Level Annotations

Branches:
Dungeon (2/15)

Altars:

Shops:
D:1 =


Message History

It was a potion of heal wounds.
You feel much better.
Done exploring.
1465 ||| DROPPING potion of invisibility.
You drop a potion of invisibility.
Done exploring.
(D) Dungeon
Where to? (* - list waypoints, Enter - D:2, ? - help)
What level of the Dungeon? (default 1, ? - help) Sorry, I don't know how to get there.
Enter note:
Enter note:
Enter note:
Enter note:
Enter note:
Enter note:
Enter note:
Enter note:
Enter note: Really walk into that cloud of poison gas?
You are poisoned.
You feel very sick.
1467 ||| Stepping ~*~*~tactically~*~*~ (cloud).
You feel very sick.
Things that are here:
a potion of invisibility; a +0 leather armour of cold resistance; a +0 leather armour
There is a lethal amount of poison in your body!
You feel sick.
There is a lethal amount of poison in your body!
You feel sick.
There is a lethal amount of poison in your body!
You feel sick.
There is a lethal amount of poison in your body!
You feel sick.
There is a lethal amount of poison in your body!
You feel sick.
There is a lethal amount of poison in your body!
You feel sick.
There is a lethal amount of poison in your body!
You feel sick.
There is a lethal amount of poison in your body!
You die...

##########..#
######.........#
.............>##
........###...##
........# #....#
........####...#
.........##....#
.###...#.##....######
.# #.#.#.....#.#@0.¤#
.# #.#.........#0##.#
.###....##...###0##.#
.....#...........0..#
........#####.###¤###
......#.#####.# #.#
......#.....#.###.#
......#####.#.#...#
.....## #...#.#.###


There were no monsters in sight!

Vanquished Creatures
  3 adders (D:2)
  2 dart slugs (D:1)
  5 ball pythons
  4 bats
  8 endoplasms
  2 giant cockroaches (D:2)
  2 goblins (D:1)
  4 hobgoblins
  A jackal (D:2)
  3 quokkas
  4 frilled lizards
  5 kobolds
  5 rats
48 creatures vanquished.

Notes
Turn   | Place    | Note
-------+----------+-------------------------------------------
     0 | D:1      | qw the Deep Elf Hunter began the quest for the Orb.
     0 | D:1      | Reached XP level 1. HP: 12/12 MP: 3/3
     0 | D:1      | 0 ||| qw: Version: 0.3-a-9-g12657ce
     0 | D:1      | 0 ||| qw: Game counter: 2381
     0 | D:1      | 0 ||| qw: Always use a shield: true
     0 | D:1      | 0 ||| qw: God list: Okawaru
     0 | D:1      | 0 ||| qw: Allow faded altars: false
     0 | D:1      | 0 ||| qw: Do Orc after D:15 true
     0 | D:1      | 0 ||| qw: Do second Lair branch before Depths: true
     0 | D:1      | 0 ||| qw: Lair rune preference: random
     0 | D:1      | 0 ||| qw: Plans: Normal
     0 | D:1      | 0 ||| PLANNING D:1-11
    68 | D:1      | Reached XP level 2. HP: 16/16 MP: 4/4
   107 | D:1      | Reached skill level 6 in Ranged Weapons
   134 | D:1      | Found Madipnul's Jewellery Shoppe.
   137 | D:1      | 137 ||| SHOPLISTING +5 ring of evasion (468 gold, have 24).
   137 | D:1      | 137 ||| SHOPLISTING ring of Egomania {rF+ MP+9 Slay+5} (715
                  | gold, have 24).
   137 | D:1      | 137 ||| SHOPLISTING ring of poison resistance (260 gold,
                  | have 24).
   137 | D:1      | 137 ||| SHOPLISTING ring of resist corrosion (260 gold,
                  | have 24).
   515 | D:1      | Reached XP level 3. HP: 20/20 MP: 5/5
   595 | D:1      | 595 ||| READING scroll labelled PEDWOU KITT.
   596 | D:1      | 596 ||| READING scroll labelled EXKATHR FOLYWN.
   597 | D:1      | 597 ||| DROPPING scroll of butterflies.
   843 | D:2      | Reached skill level 7 in Ranged Weapons
   908 | D:2      | Found a faded altar of an unknown god.
  1102 | D:2      | Reached XP level 4. HP: 25/25 MP: 6/6
  1403 | D:2      | 1403 ||| UPGRADING to +0 ring mail.
  1413 | D:2      | 1413 ||| DROPPING +0 leather armour.
  1414 | D:2      | 1414 ||| DROPPING +0 leather armour of cold resistance.
  1415 | D:2      | 1415 ||| READING 2 scrolls labelled ETUEJA BAU.
  1416 | D:2      | 1416 ||| READING scroll labelled ABOOXA RESAJUA.
  1417 | D:2      | 1417 ||| READING scroll labelled BULUOPPURA.
  1418 | D:2      | 1418 ||| READING scroll labelled KYVVOETELI.
  1419 | D:2      | 1419 ||| READING scroll labelled AXKARO MIKKAUDA.
  1462 | D:2      | 1462 ||| READING scroll labelled ZICOCY TUFETSO.
  1463 | D:2      | 1463 ||| DRINKING 2 brown potions.
  1464 | D:2      | 1464 ||| DRINKING 2 fuming green potions.
  1465 | D:2      | 1465 ||| DROPPING potion of invisibility.
  1467 | D:2      | 1467 ||| Stepping ~*~*~tactically~*~*~ (cloud).
  1469 | D:2      | HP: 6/25 [poisoned by you (poison gas)]
  1472 | D:2      | HP: 2/25 [poisoned by you (poison gas)]
  1475 | D:2      | Succumbed to their own poison gas

Levels and vault maps discovered:
D:1:      dpeg_arrival_pits, layout_basic, serial_shops,
          nicolae_shop_real_fake_doors, minivault_26
D:2:      minmay_diamond_boxcup, layout_basic,
          shapermc_ecumenical_altar_acropolis, nrook_uturn,
          kennysheep_generic_room_5

Skill      XL: |  1  2  3 |
---------------+----------+-----
Ranged Weapons | 6 7 |  7.6
Fighting       | |  1.5
Dodging        | |  2.4
Stealth        | |  1.2

Action                     |  1- 3 |  4- 6 || total
---------------------------+-------+-------++-------
   Fire: Shortbow          |    97 |    15 ||   112
    Use: Scroll            |     2 |     6 ||     8
         Potion            |       |     2 ||     2
 Armour: Leather armour    |    11 |     2 ||    13
  Dodge: Dodged            |    16 |     4 ||    20

Table legend:
 A = Non-vault XP
 B = Vault XP
 C = Vault XP percentage of total XP
 D = Non-vault monster count
 E = Vault monster count
 F = Vault count percentage of total count
                 A         B        C        D         E       F
            +---------+---------+-------+---------+---------+-------
      Total |     104 |      15 |  12.6 |      40 |       8 |  16.7
            +---------+---------+-------+---------+---------+-------
        D:1 |      44 |       0 |   0.0 |      24 |       0 |   0.0
        D:2 |      60 |      15 |  20.0 |      16 |       8 |  33.3
            +---------+---------+-------+---------+---------+-------
